NCAA
PURDUE BOILERMAKERS @ OREGON DUCKS
04/03/2026
 
TOP OF THE 1ST
Purdue Boilermakers batting - Pitching for Oregon Ducks : LHP Theodore Plummer
Pitching: LHP Theodore Plummer
Batting: RHB Eric Patrick 0-0: Foul Ball, location: 2F
0-1: Called Strike
0-2: Ball
1-2: Strikes out swinging
Batting: SHB Joaquín Gilera 0-0: Ball
1-0: Foul Ball, location: 2F
1-1: Called Strike
1-2: Foul Ball, location: 2F
1-2: Foul Ball, location: 2F
1-2: Ball
2-2: Fly out, F7 (Line Drive, 7M)
Batting: RHB Francisco Herrera 0-0: Ball
1-0: SOLO HOME RUN (Flyball, 78XD), Distance : 365 ft
Batting: LHB Bryan Barnes 0-0: Called Strike
0-1: Ball
1-1: Called Strike
1-2: Strikes out swinging
Top of the 1st over - 1 run(s), 1 hit(s), 0 error(s), 0 left on base; Purdue 1 - Oregon 0
BOTTOM OF THE 1ST
Oregon Ducks batting - Pitching for Purdue Boilermakers : LHP César Galván
Pitching: LHP César Galván
Batting: RHB Kris Ballard 0-0: Ball
1-0: Ball
2-0: Ball
3-0: Base on Balls
Batting: RHB Nate Trevino 0-0: Called Strike
Kris Ballard steals 2nd base
0-1: Ball
1-1: Ball
2-1: Swinging Strike
2-2: Ball
3-2: Foul Ball, location: 2F
3-2: Ground out 4-3 (Groundball, 34)
Kris Ballard to third
Batting: RHB Bob Levinson 0-0: Swinging Strike
0-1: Ball
1-1: Ball
2-1: Swinging Strike
2-2: SINGLE (Line Drive, 9S)
Kris Ballard scores
Batting: RHB Raúl González 0-0: Ball
1-0: Called Strike
1-1: Grounds into double play, 5-4-3 (Groundball, 56)
Bottom of the 1st over - 1 run(s), 1 hit(s), 0 error(s), 0 left on base; Purdue 1 - Oregon 1
TOP OF THE 2ND
Purdue Boilermakers batting - Pitching for Oregon Ducks : LHP Theodore Plummer
Batting: LHB Rodney Harrison 0-0: Ball
1-0: Ground out U3 (Groundball, 3)
Batting: RHB Carlos Rosado 0-0: Ball
1-0: Called Strike
1-1: Ball
2-1: Swinging Strike
2-2: Ball
3-2: Strikes out swinging
Batting: RHB Dave Crawford 0-0: Foul Ball, location: 2F
0-1: Ball
1-1: Swinging Strike
1-2: Ball
2-2: Ball
3-2: Foul Ball, location: 2F
3-2: Strikes out looking
Top of the 2nd over - 0 run(s), 0 hit(s), 0 error(s), 0 left on base; Purdue 1 - Oregon 1
BOTTOM OF THE 2ND
Oregon Ducks batting - Pitching for Purdue Boilermakers : LHP César Galván
Batting: RHB José Rosales 0-0: Foul Ball, location: 2F
0-1: Swinging Strike
0-2: Strikes out swinging
Batting: LHB Bill Stephenson 0-0: Ball
1-0: Called Strike
1-1: Foul Ball, location: 2F
1-2: Ball
2-2: Strikes out swinging
Batting: LHB Justin McCoy 0-0: Swinging Strike
0-1: SINGLE (Groundball, 4MD)
Batting: RHB William Ewing 0-0: Ball
Justin McCoy is caught stealing 2nd base
Bottom of the 2nd over - 0 run(s), 1 hit(s), 0 error(s), 0 left on base; Purdue 1 - Oregon 1
TOP OF THE 3RD
Purdue Boilermakers batting - Pitching for Oregon Ducks : LHP Theodore Plummer
Batting: SHB Darren Campbell 0-0: Called Strike
0-1: Ground out 5-3 (Groundball, 5)
Batting: RHB Jim MacAchounich 0-0: Ball
1-0: Called Strike
1-1: Foul Ball, location: 2F
1-2: Foul Ball, location: 2F
1-2: Foul Ball, location: 2F
1-2: Foul Ball, location: 2F
1-2: Strikes out looking
Batting: RHB Eric Patrick 0-0: Called Strike
0-1: Bunt for hit - play at first, batter safe!
Batting: SHB Joaquín Gilera 0-0: Fly out, F7 (Flyball, 7M)
Top of the 3rd over - 0 run(s), 1 hit(s), 0 error(s), 1 left on base; Purdue 1 - Oregon 1
BOTTOM OF THE 3RD
Oregon Ducks batting - Pitching for Purdue Boilermakers : LHP César Galván
Batting: RHB William Ewing 0-0: SINGLE (Line Drive, 6D)
Batting: RHB Jason Wheeler 0-0: Called Strike
0-1: Fielders Choice at 2nd, 3-6 (Groundball, 3)
Batting: RHB Kris Ballard 0-0: Called Strike
0-1: Grounds into double play, 4-6-3 (Groundball, 4)
Bottom of the 3rd over - 0 run(s), 1 hit(s), 0 error(s), 0 left on base; Purdue 1 - Oregon 1
TOP OF THE 4TH
Purdue Boilermakers batting - Pitching for Oregon Ducks : LHP Theodore Plummer
Batting: RHB Francisco Herrera 0-0: Called Strike
0-1: Ball
1-1: SINGLE (Groundball, 6D)
Batting: LHB Bryan Barnes 0-0: Fly out, F9 (Flyball, 9M)
Batting: LHB Rodney Harrison 0-0: Ball
1-0: Ball
2-0: Ball
3-0: Base on Balls
Francisco Herrera to second
Batting: RHB Carlos Rosado 0-0: Foul Ball, location: 2F
0-1: Called Strike
0-2: Ball
1-2: Strikes out swinging
Batting: RHB Dave Crawford 0-0: Ball
1-0: Ground out U3 (Groundball, 3)
Top of the 4th over - 0 run(s), 1 hit(s), 0 error(s), 2 left on base; Purdue 1 - Oregon 1
BOTTOM OF THE 4TH
Oregon Ducks batting - Pitching for Purdue Boilermakers : LHP César Galván
Batting: RHB Nate Trevino 0-0: Foul Ball, location: 2F
0-1: Foul Ball, location: 2F
0-2: Strikes out looking
Batting: RHB Bob Levinson 0-0: Called Strike
0-1: Ball
1-1: Ground out 6-3 (Groundball, 6M)
Batting: RHB Raúl González 0-0: Ball
1-0: Foul Ball, location: 2F
1-1: Swinging Strike
1-2: Strikes out swinging
Bottom of the 4th over - 0 run(s), 0 hit(s), 0 error(s), 0 left on base; Purdue 1 - Oregon 1
TOP OF THE 5TH
Purdue Boilermakers batting - Pitching for Oregon Ducks : LHP Theodore Plummer
Batting: SHB Darren Campbell 0-0: Ground out 6-3 (Groundball, 6M)
Batting: RHB Jim MacAchounich 0-0: Swinging Strike
0-1: Ball
1-1: Foul Ball, location: 2F
1-2: Strikes out swinging
Batting: RHB Eric Patrick 0-0: Called Strike
0-1: Swinging Strike
0-2: Foul Ball, location: 2F
0-2: Ball
1-2: Foul Ball, location: 2F
1-2: Foul Ball, location: 2F
1-2: Ball
2-2: Strikes out swinging
Top of the 5th over - 0 run(s), 0 hit(s), 0 error(s), 0 left on base; Purdue 1 - Oregon 1
BOTTOM OF THE 5TH
Oregon Ducks batting - Pitching for Purdue Boilermakers : LHP César Galván
Batting: RHB José Rosales 0-0: Foul Ball, location: 2F
0-1: Called Strike
0-2: Ball
1-2: Strikes out swinging
Batting: LHB Bill Stephenson 0-0: Swinging Strike
0-1: Foul Ball, location: 2F
0-2: Ball
1-2: Ball
2-2: Foul Ball, location: 2F
2-2: Strikes out swinging
Batting: LHB Justin McCoy 0-0: Ground out 4-3 (Groundball, 34)
Bottom of the 5th over - 0 run(s), 0 hit(s), 0 error(s), 0 left on base; Purdue 1 - Oregon 1
TOP OF THE 6TH
Purdue Boilermakers batting - Pitching for Oregon Ducks : LHP Theodore Plummer
Batting: SHB Joaquín Gilera 0-0: Ball
1-0: Foul Ball, location: 2F
1-1: Foul Ball, location: 2F
1-2: Ball
2-2: Foul Ball, location: 2F
2-2: Ball
3-2: Foul Ball, location: 2F
3-2: SINGLE (Groundball, 6)
Batting: RHB Francisco Herrera 0-0: Ball
1-0: Foul Ball, location: 2F
1-1: Foul Ball, location: 2F
1-2: 2-RUN HOME RUN (Flyball, 78XD), Distance : 387 ft
Pitching: LHP Curt James
Batting: LHB Bryan Barnes 0-0: Ground out 1-3 (Groundball, 13)
Batting: LHB Rodney Harrison 0-0: Swinging Strike
0-1: Foul Ball, location: 2F
0-2: Ball
1-2: Strikes out swinging
Batting: RHB Carlos Rosado 0-0: Ball
1-0: Ball
2-0: Called Strike
2-1: Ball
3-1: Fly out, F4 (Popup, 34D)
Top of the 6th over - 2 run(s), 2 hit(s), 0 error(s), 0 left on base; Purdue 3 - Oregon 1
BOTTOM OF THE 6TH
Oregon Ducks batting - Pitching for Purdue Boilermakers : LHP César Galván
Batting: RHB William Ewing 0-0: Ball
1-0: Called Strike
1-1: Fly out, F4 (Popup, 34)
Batting: RHB Jason Wheeler 0-0: Ball
1-0: Foul Ball, location: 2F
1-1: Ball
2-1: Ball
3-1: Base on Balls
Batting: RHB Kris Ballard 0-0: Ball
1-0: Ball
2-0: Fly out, F8 (Popup, 8LS)
Batting: RHB Nate Trevino 0-0: Ball
1-0: SINGLE (Groundball, 4M)
Jason Wheeler to second
Runner from 2nd tries for 3rd, SAFE, no throw or cutoff
Batting: RHB Bob Levinson 0-0: Swinging Strike
0-1: Called Strike
0-2: Ball
1-2: Ball
2-2: Ball
3-2: Ground out 6-3 (Groundball, 56)
Bottom of the 6th over - 0 run(s), 1 hit(s), 0 error(s), 2 left on base; Purdue 3 - Oregon 1
TOP OF THE 7TH
Purdue Boilermakers batting - Pitching for Oregon Ducks : LHP Curt James
Batting: RHB Dave Crawford 0-0: Called Strike
0-1: Ball
1-1: Fly out, F5 (Line Drive, 5S)
Batting: SHB Darren Campbell 0-0: Ball
1-0: Foul Ball, location: 2F
1-1: Ball
2-1: Swinging Strike
2-2: Fly out, F9 (Flyball, 89M)
Batting: RHB Jim MacAchounich 0-0: Ball
1-0: Foul Ball, location: 2F
1-1: Swinging Strike
1-2: Strikes out swinging
Top of the 7th over - 0 run(s), 0 hit(s), 0 error(s), 0 left on base; Purdue 3 - Oregon 1
BOTTOM OF THE 7TH
Oregon Ducks batting - Pitching for Purdue Boilermakers : LHP César Galván
Batting: RHB Raúl González 0-0: Ball
1-0: Foul Ball, location: 2F
1-1: Ball
2-1: Fly out, F9 (Flyball, 9LM)
Batting: RHB José Rosales 0-0: Ball
1-0: Ball
2-0: Ball
3-0: Called Strike
3-1: Called Strike
3-2: Base on Balls
Pitching: LHP Christian Rousseau
Batting: LHB Bill Stephenson 0-0: Ball
1-0: SINGLE (Groundball, 56D)
José Rosales to second
Batting: LHB Justin McCoy 0-0: Fly out, F8 (Flyball, 8RM)
Pinch Hitting: LHB Francisco Romo 0-0: Ball
1-0: Ball
2-0: Ball
3-0: Called Strike
Balk!
José Rosales to third
Bill Stephenson to second
3-1: Called Strike
3-2: Fly out, F8 (Flyball, 8RM)
Bottom of the 7th over - 0 run(s), 1 hit(s), 0 error(s), 2 left on base; Purdue 3 - Oregon 1
TOP OF THE 8TH
Purdue Boilermakers batting - Pitching for Oregon Ducks : LHP Curt James
Pitching: RHP Ronnie Johnston
Now in LF: Jerry Harris
Batting: RHB Eric Patrick 0-0: Swinging Strike
0-1: Ground out 4-3 (Groundball, 4)
Batting: SHB Joaquín Gilera 0-0: Called Strike
0-1: Ball
1-1: Ground out 1-3 (Groundball, 15S)
Batting: RHB Francisco Herrera 0-0: Ball
1-0: SINGLE (Line Drive, 6D)
Batting: LHB Bryan Barnes 0-0: Called Strike
0-1: Ball
1-1: Swinging Strike
1-2: Ball
2-2: Ball
3-2: Foul Ball, location: 2F
3-2: Base on Balls
Francisco Herrera to second
Batting: LHB Rodney Harrison 0-0: Called Strike
0-1: Swinging Strike
0-2: Ball
1-2: DOUBLE (Line Drive, 9LS)
Francisco Herrera scores
Bryan Barnes to third
Batting: RHB Carlos Rosado 0-0: Ball
1-0: Called Strike
1-1: Ball
2-1: Ball
3-1: Base on Balls
Pinch Hitting: SHB Johnny Jackson 0-0: Called Strike
0-1: Ground out 1-3 (Groundball, 13)
Top of the 8th over - 1 run(s), 2 hit(s), 0 error(s), 3 left on base; Purdue 4 - Oregon 1
BOTTOM OF THE 8TH
Oregon Ducks batting - Pitching for Purdue Boilermakers : LHP Christian Rousseau
Now at 2B: Pete Davis
Batting: RHB Jason Wheeler 0-0: Called Strike
0-1: Swinging Strike
0-2: Ball
1-2: Strikes out looking
Batting: RHB Kris Ballard 0-0: Ball
1-0: Ball
2-0: Called Strike
2-1: DOUBLE (Line Drive, 89M)
Pitching: RHP Mark Messier
Batting: RHB Nate Trevino 0-0: Ball
1-0: Called Strike
1-1: Foul Ball, location: 2F
1-2: Strikes out swinging
Batting: RHB Bob Levinson 0-0: Ground out 5-3 (Groundball, 56S)
Bottom of the 8th over - 0 run(s), 1 hit(s), 0 error(s), 1 left on base; Purdue 4 - Oregon 1
TOP OF THE 9TH
Purdue Boilermakers batting - Pitching for Oregon Ducks : RHP Ronnie Johnston
Batting: SHB Darren Campbell 0-0: Foul Ball, location: 2F
0-1: Ball
1-1: SINGLE (Groundball, 4MD)
Batting: RHB Jim MacAchounich 0-0: Bunted foul
0-1: Sac Bunt - play at first, batter OUT! 1-4
Darren Campbell to second
Batting: RHB Eric Patrick 0-0: Ball
1-0: SINGLE (Groundball, 5D)
Darren Campbell to third
Runner from 3rd tries for Home, SAFE, no throw or cutoff
Batting: SHB Joaquín Gilera 0-0: Swinging Strike
0-1: Grounds into double play, 3-6-1 (Groundball, 3)
Top of the 9th over - 1 run(s), 2 hit(s), 0 error(s), 0 left on base; Purdue 5 - Oregon 1
BOTTOM OF THE 9TH
Oregon Ducks batting - Pitching for Purdue Boilermakers : RHP Mark Messier
Batting: RHB Raúl González 0-0: Ball
1-0: Called Strike
1-1: Ball
2-1: Swinging Strike
2-2: Ball
3-2: Strikes out swinging
Batting: RHB José Rosales 0-0: Called Strike
0-1: Ball
1-1: Ball
2-1: Foul Ball, location: 2F
2-2: Ball
3-2: Base on Balls
Batting: LHB Bill Stephenson 0-0: Ball
1-0: Swinging Strike
1-1: Ball
2-1: Foul Ball, location: 2F
2-2: Foul Ball, location: 2F
2-2: Strikes out looking
Batting: LHB Justin McCoy 0-0: Foul Ball, location: 2F
0-1: Foul Ball, location: 2F
0-2: Strikes out swinging
Bottom of the 9th over - 0 run(s), 0 hit(s), 0 error(s), 1 left on base; Purdue 5 - Oregon 1
Monday, December 5th, 2016 - OOTP Baseball 17.12 Build 75